 Dungeon Crawl Stone Soup version 0.32-a0-834-geaf45d8e21 (webtiles) character file.

Game seed: 11164047238696519120

169 AstroCodex24 the Trooper (level 5, -6/41 HPs)
             Began as a Vampire Fighter on Mar 26, 2024.
             Mangled by an orc warrior
             ... wielding a +0 halberd
              (9 damage)
             ... on level 4 of the Dungeon.
             The game lasted 00:02:40 (458 turns).

AstroCodex24 the Trooper (Vampire Fighter)           Turns: 458, Time: 00:02:41

Health: -6/41      AC:  8    Str: 17    XL:     5   Next: 25%
Magic:  5/5        EV:  8    Int: 11    God:
Gold:   38         SH:  4    Dex: 11    Spells: 4/4 levels left

rFire   . . .        a - +0 war axe
rCold   . . .        c - +0 buckler
rNeg    . . .        b - +0 scale mail
rPois   .            (no helmet)
rElec   .            (no cloak)
rCorr   .            (no gloves)
SInv    +            (no boots)
Will    .....        (no amulet) Stlth
                     (no ring)
HPRegen 0.46/turn    (no ring)
MPRegen 0.09/turn

%: no passive effects
@: healing quickly
A: alive, fangs 3, see invisible, vampiric 2, iridescent scales 1, clumsy 1,
wild magic 1, evolution 1
a: Exsanguinate


You were on level 4 of the Dungeon.
You visited 1 branch of the dungeon, and saw 4 of its levels.

You collected 38 gold pieces.

Inventory:

Hand Weapons
 a - a +0 war axe (weapon)
Armour
 b - a +0 scale mail (worn)
 c - a +0 buckler (worn)
Potions
 f - a potion of mutation


   Skills:
 + Level 3.4 Fighting
 + Level 3.2 Axes
 + Level 3.1 Armour
 + Level 0.5 Dodging
 + Level 3.3 Shields


You had 4 spell levels left.
You didn't know any spells.
Your spell library contained the following spells:

 Spells                   Type           Power      Damage    Failure   Level
 Jinxbite                 Hex            0%         N/A       95%         2
 Yara's Violent Unravell  Hex/Alch       0%         3d3       100%        5
 Enfeeble                 Hex            0%         N/A       100%        7


Dungeon Overview and Level Annotations

Branches:
Dungeon (4/15)
 Temple: D:4-7

Altars:


Innate Abilities, Weirdness & Mutations

Your natural rate of healing is accelerated.
You have razor-sharp teeth.
You have supernaturally acute eyesight. (SInv)
You are afflicted with vampirism and can become a bat while bloodless.
You are partially covered in iridescent scales. (AC +2)
You are clumsy. (Dex -2)
Your spells are a little harder to cast, but a little more powerful.
You have hidden genetic potential.


Message History

The orc is severely wounded.
The orc warrior hits you from afar with a +0 halberd.
The orc hits you with a +1 mace of protection.
The orc warrior hits you from afar with a +0 halberd!
You closely miss the orc.
The orc is severely wounded.
The orc shouts!
The orc hits you but does no damage. The orc warrior closely misses you.
The orc completely misses you.
You hit the orc.
You kill the orc!
The orc warrior barely misses you.
You hit the orc.
The orc is heavily wounded.
The orc hits you but does no damage. The orc warrior barely misses you.
The orc hits you but does no damage. The orc warrior barely misses you.
You slash the orc!
You kill the orc!
The orc warrior closely misses you.
You barely miss the orc.
The orc warrior hits you but does no damage.
The orc barely misses you. You block the orc's attack.
The orc warrior closely misses you.
You slash the orc!
You kill the orc!
The orc warrior hits you from afar with a +0 halberd!
You hit the orc.
The orc is severely wounded.
The orc warrior closely misses you. The orc hits you with a +0 club.
* * * LOW HITPOINT WARNING * * *
You hit the orc.
You kill the orc!
The orc warrior hits you from afar with a +0 halberd!
* * * LOW HITPOINT WARNING * * *
The orc warrior closely misses you.
The orc warrior hits you with a +0 halberd.
* * * LOW HITPOINT WARNING * * *
Items here: ( )))) [ ††.
The orc warrior hits you with a +0 halberd!
You die...

#..###.#
##......#
#...#####
#.#
#...#..#
#.#
##.##..#
... #.
#..# #.# #
#..# #.#
#>.#######
##.###.#
#o@......#
.......#
##)#####.#
##.#
#####.#
...#
#.....#
#)##
#.#####
..### #.#
....## #.#
.♣...# #.#
.....##
#.#


You could see an orc warrior.

Vanquished Creatures
  An ogre (D:4)
  A scorpion (D:4)
  2 dart slugs (D:1)
  4 orcs (D:4)
  A ball python (D:4)
  4 endoplasms
  A goblin (D:2)
  2 jackals (D:4)
  A bat (D:1)
  2 kobolds (D:1)
  A rat (D:1)
20 creatures vanquished.

Notes
Turn   | Place    | Note
-------+----------+-------------------------------------------
     0 | D:1      | AstroCodex24 the Vampire Fighter began the quest for the
                  | Orb.
     0 | D:1      | Reached XP level 1. HP: 17/17 MP: 1/1
   188 | D:1      | Reached XP level 2. HP: 23/23 MP: 2/2
   327 | D:4      | Noticed a scorpion
   334 | D:4      | Killed a scorpion
   335 | D:4      | Gained mutation: You are afflicted with vampirism and can
                  | become a bat while bloodless. [Vampire growth]
   335 | D:4      | Reached XP level 3. HP: 29/29 MP: 3/3
   335 | D:4      | Reached XP level 4. HP: 35/35 MP: 4/4
   369 | D:4      | Noticed an ogre
   381 | D:4      | Killed an ogre
   382 | D:4      | Reached XP level 5. HP: 7/41 MP: 5/5
   434 | D:4      | Noticed an orc warrior
   446 | D:4      | Gained mutation: You are partially covered in iridescent
                  | scales. (AC +2) [potion of mutation]
   446 | D:4      | Gained mutation: You are clumsy. (Dex -2) [potion of
                  | mutation]
   446 | D:4      | Gained mutation: You have hidden genetic potential. [potion
                  | of mutation]
   446 | D:4      | Gained mutation: Your spells are a little harder to cast,
                  | but a little more powerful. [potion of mutation]
   458 | D:4      | Mangled by an orc warrior

Illustrated notes

Levels and vault maps discovered:
D:1:      kennysheep_arrival_forest, layout_basic, grunt_decor_resistance,
          minmay_box_of_dots
D:2:      layout_rooms, shapermc_ecumenical_altar_hornbeckon, serial_shops,
          nicolae_shop_pleasant_corner_grove, nicolae_houndstooth_variations,
          uniq_terence
D:3:      layout_basic, mainiacjoe_overflow_alcove_1,
          dreamdust_princess_corridor, uniq_jessica
D:4:      layout_loops_ring, minivault_19, minmay_misc_feat_plants

Skill      XL: |  1  2  3  4 |
---------------+-------------+-----
Axes           | 2 3 |  3.2
Fighting       | 3 |  3.4
Shields        | 3 |  3.3
Armour         | 3 |  3.1
Dodging        | |  0.5

Action                     |  1- 3 |  4- 6 || total
---------------------------+-------+-------++-------
  Melee: War axe           |    24 |    25 ||    49
         Bite              |     1 |     2 ||     3
    Use: Potion            |       |     3 ||     3
 Armour: Scale mail        |    27 |    43 ||    70
  Dodge: Dodged            |    19 |    11 ||    30
  Block: Buckler           |     5 |     7 ||    12

Table legend: (Time is in decaauts)
 A = Elapsed time spent in this place.
 B = Non-inter-level travel time spent in this place.
 C = Inter-level travel time spent in this place.
 D = Time resting spent in this place.
 E = Time spent auto-exploring this place.
 F = Levels seen in this place.
 G = Mean time per level.
                   A        B        C        D        E       F      G
               +--------+--------+--------+--------+--------+-----+--------+
         Total |    477 |    477 |      0 |      0 |      0 |   4 |  119.2 |
       Dungeon |    477 |    477 |      0 |      0 |      0 |   4 |  119.2 |
               +--------+--------+--------+--------+--------+-----+--------+

Top non-repeatable levels by time:
     D:1: 233 daAuts
     D:4: 163 daAuts
     D:2: 46 daAuts
     D:3: 33 daAuts
